 Dungeon Crawl Stone Soup version 0.27-a0-1347-gd8886f0a89 (webtiles) character file.

Game seed: 8100367556136447448

8 funkygono the Gusty (level 2, -1/15 HPs)
             Began as a Tengu Air Elementalist on June 27, 2021.
             Killed from afar by a dart slug (3 damage)
             ... with a slug dart
             ... on level 1 of the Dungeon.
             The game lasted 00:00:25 (156 turns).

funkygono the Gusty (Tengu Air Elementalist)         Turns: 156, Time: 00:00:26

Health: -1/15      AC:  2    Str:  8    XL:     2   Next: 8%
Magic:  0/6        EV: 12    Int: 15    God:
Gold:   0          SH:  0    Dex: 14    Spells: 4/5 levels left

rFire    . . .     SeeInvis .   b - +0 club
rCold    . . .     Faith    .   (no shield)
rNeg     . . .     Spirit   .   a - +0 robe
rPois    .         Reflect  .   (helmet restricted)
rElec    .         Harm     .   (no cloak)
rCorr    .         Rampage  .   (no gloves)
Will     .....                  (boots unavailable)
Stlth    ++........             (no amulet)
HPRegen  0.05/turn              (no ring)
MPRegen  0.10/turn              (no ring)

@: no status effects
A: beak, talons 3
a: no special abilities


You were on level 1 of the Dungeon.
You visited 1 branch of the dungeon, and saw 1 of its levels.

Inventory:

Hand Weapons
 b - a +0 club (weapon)
Armour
 a - a +0 robe (worn)


   Skills:
 + Level 2.2 Dodging
 - Level 2.0 Stealth
 + Level 2.1 Spellcasting
 + Level 1.4 Conjurations
 + Level 4.5 Air Magic


You had 4 spell levels left.
You knew the following spells:

 Your Spells              Type           Power      Damage    Failure   Level
a - Shock                 Conj/Air       40%        1d5       6%          1

Your spell library contained the following spells:

 Spells                   Type           Power      Damage    Failure   Level
 Static Discharge         Conj/Air       10%        N/A       10%         2
 Swiftness                Air            15%        N/A       11%         3
 Airstrike                Air            7%         N/A       34%         4
 Lightning Bolt           Conj/Air       5%         1d17      87%         5


Dungeon Overview and Level Annotations

Branches:
Dungeon (1/15)

Altars:


Innate Abilities, Weirdness & Mutations

You have a beak for a mouth.
You have claws for feet.


Message History

You hit the jackal. Your kick misses the jackal. Your peck misses the jackal.
The jackal is severely wounded.
The jackal completely misses you. The jackal barely misses you.
You closely miss the jackal. Your peck misses the jackal.
The jackal is severely wounded.
The jackal misses you. The jackal barely misses you.
You hit the jackal.
You kill the jackal!
The jackal completely misses you.
You have reached level 2!
Unknown command.
Casting: Shock (safe; 7% risk of failure)
Confirm with . or Enter, or press ? or * to list all spells.
Aiming: Shock (safe; 7% risk of failure)
Press: ? - help, Shift-Dir - straight line, f - jackal
Aim: a jackal (60% to hit)
You miscast Shock.
You are very lightly contaminated with residual magic.
Nothing appears to happen.
The jackal barely misses you.
Unknown command.
You hit the jackal but do no damage. Your kick misses the jackal.
The jackal barely misses you. The jackal bites you.
You barely miss the jackal. You claw the jackal.
You kill the jackal!
You hit the kobold.
The kobold is heavily wounded.
The kobold hits you with a +0 dagger. x2
* * * LOW HITPOINT WARNING * * *
You hit the kobold. Your kick misses the kobold.
The kobold is severely wounded.
The kobold barely misses you.
You hit the kobold. Your kick misses the kobold. Your peck misses the kobold.
The kobold is severely wounded.
The kobold barely misses you.
Your magical contamination has completely faded away.
You hit the kobold.
You kill the kobold!
The dart slug launches a dart at you. The slug dart hits you.
You die...

#........... ..#
#...h....... ... #
#.#......... #.#
#.##.##h# #.#
#.......# #.#
####.#### #.#
######## #w# #.#
#......# #)#
#.#####.####.###@#
......#.#........#
#####...†.##.#####
###.####.# #.# #.#
#.. ..# #### ###


You could see a dart slug.

Vanquished Creatures
  A hobgoblin (D:1)
  4 jackals (D:1)
  A ball python (D:1)
  2 kobolds (D:1)
8 creatures vanquished.

Notes
Turn   | Place    | Note
-------+----------+-------------------------------------------
     0 | D:1      | funkygono the Tengu Air Elementalist began the quest for
                  | the Orb.
     0 | D:1      | Reached XP level 1. HP: 10/10 MP: 4/4
   150 | D:1      | Reached XP level 2. HP: 8/15 MP: 1/6
   156 | D:1      | Killed from afar by a dart slug

Illustrated notes

Levels and vault maps discovered:
D:1:      dpeg_arrival_water_altar, layout_loops_cross,
          shapermc_ecumenical_altar_mp_ritualfount,
          chequers_serial_rivers_micro_d

Action                   || total
-------------------------++-------
Melee: Club              ||    14
       Peck              ||     2
       Kick              ||     2
 Cast: Shock             ||    11
Armor: Robe              ||     3
Dodge: Dodged            ||    15

Table legend: (Time is in decaauts)
 A = Elapsed time spent in this place.
 B = Non-inter-level travel time spent in this place.
 C = Inter-level travel time spent in this place.
 D = Time resting spent in this place.
 E = Time spent auto-exploring this place.
 F = Levels seen in this place.
 G = Mean time per level.
                   A        B        C        D        E       F      G
               +--------+--------+--------+--------+--------+-----+--------+
         Total |    159 |    159 |      0 |      0 |    117 |   1 |  159.0 |
       Dungeon |    159 |    159 |      0 |      0 |    117 |   1 |  159.0 |
               +--------+--------+--------+--------+--------+-----+--------+

Top non-repeatable levels by time:
     D:1: 159 daAuts
